 Dungeon Crawl Stone Soup version 0.26-a0-850-g97a50ab700 (webtiles) character file.

Game seed: 9140417388122997998

51 miscthings the Ruffian (level 3, 0/29 HPs)
             Began as a Hill Orc Transmuter on Nov 20, 2020.
             Slain by Terence
             ... wielding a +1 vorpal mace
              (1 damage)
             ... on level 1 of the Dungeon.
             The game lasted 00:02:46 (1056 turns).

miscthings the Ruffian (Hill Orc Transmuter)        Turns: 1056, Time: 00:02:46

Health: 0/29       AC:  2    Str: 13    XL:     3   Next: 83%
Magic:  5/6        EV: 12    Int: 13    God:
Gold:   68         SH:  0    Dex: 11    Spells: 5/6 levels left

rFire    . . .     SeeInvis .     - Unarmed
rCold    . . .     Faith    .   (no shield)
rNeg     . . .     Spirit   .   a - +0 robe
rPois    .         Reflect  .   (helmet currently unavailable)
rElec    .         Harm     .   (no cloak)
rCorr    .         Rampage  .   (no gloves)
MR       .....                  (boots currently unavailable)
Stlth    ..........             (no amulet)
HPRegen  0.09/turn              d - ring of attention (curse)
MPRegen  0.10/turn              (no ring)

@: appendages
A: horns 2, talons 2
a: End Transformation


You were on level 1 of the Dungeon.
You had grown temporary horns.
You had grown temporary talons.
You visited 1 branch of the dungeon, and saw 2 of its levels.

You collected 68 gold pieces.

Inventory:

Armour
 a - a +0 robe (worn)
 b - a +0 helmet (melded)
Jewellery
 d - a cursed ring of attention (left hand)
Scrolls
 e - 3 scrolls of remove curse {unknown}
 f - a scroll of amnesia {unknown}
 h - a scroll of identify {unknown}
 i - a scroll of teleportation {unknown}
 k - a scroll of fog {unknown}


   Skills:
 + Level 1.8 Fighting
 + Level 1.8 Dodging
 + Level 3.8 Unarmed Combat
 + Level 2.0 Spellcasting
 + Level 2.0 Transmutations


You had 5 spell levels left.
You knew the following spells:

 Your Spells              Type           Power        Failure   Level
a - Beastly Appendage     Tmut           #.....       11%         1

Your spell library contained the following spells:

 Spells                   Type           Power        Failure   Level
 Wereblood                Tmut           #.......     17%         2
 Spider Form              Tmut/Pois      #.........   45%         3
 Ice Form                 Ice/Tmut       #.......     86%         4
 Blade Hands              Tmut           #.........   97%         5


Dungeon Overview and Level Annotations

Branches:
Dungeon (2/15)

Altars:

Annotations:
D:1 Terence


Innate Abilities, Weirdness & Mutations

You have a pair of horns on your head.
You have razor-sharp toenails.


Message History

Aim: Terence, wielding a +1 vorpal mace and wearing a +0 scale mail (lightly wounded, very poisoned)
You throw a poisoned dart. The poisoned dart hits Terence.
Terence is lightly wounded.
Terence hits you with a +1 vorpal mace.
* * * LOW HITPOINT WARNING * * *
Throwing (i - inventory)
g - a poisoned dart (quivered)
Press: ? - help, Shift-Dir - straight line, f/p - Terence
Aim: Terence, wielding a +1 vorpal mace and wearing a +0 scale mail (lightly wounded, very poisoned)
You throw a poisoned dart.
The poisoned dart barely misses Terence.
Terence closely misses you.
Casting: Beastly Appendage (safe; 11% risk of failure)
Confirm with . or Enter, or press ? or * to list all spells.
You grow a pair of large bovine horns.
Your feet morph into talons.
Your +0 helmet melds into your body.
Terence barely misses you.
You hit Terence but do no damage.
Terence is lightly wounded.
Terence hits you with a +1 vorpal mace.
* * * LOW HITPOINT WARNING * * *
You die...

#.##########.#########.#
#.##########.# #.#
.............# #.#
#.##########.# #.#
.#...........# #######.#
###.############.......######
.#.## #..)..........# #.#####
#>.##########.# #.###.## #.@#
#.# #.##.#.########@.#### #.#
#.#.#..(.(>(.(......# #.#
#.##...########..##.#######.#
#.###.## ##..##.......#.#
#.###.### #.......####.#.#
........######.#####.# #.#.#
#.##.#.........# #.# #.#.#
........######.# #.####.#.#


You could see Terence (poisoned).

Vanquished Creatures
  A gnoll (D:1)
  An ooze (D:1)
  2 dart slugs (D:1)
  2 leopard geckos (D:1)
  A ball python (D:1)
  A giant cockroach (D:1)
  5 goblins (D:1)
  4 hobgoblins (D:1)
  5 bats
  3 kobolds (D:1)
  7 rats
32 creatures vanquished.

Notes
Turn   | Place    | Note
-------+----------+-------------------------------------------
     0 | D:1      | miscthings the Hill Orc Transmuter began the quest for the
                  | Orb.
     0 | D:1      | Reached XP level 1. HP: 16/16 MP: 3/3
    84 | D:1      | Reached XP level 2. HP: 21/23 MP: 2/4
   543 | D:1      | Reached XP level 3. HP: 28/28 MP: 3/5
   955 | D:2      | Noticed Terence
   991 | D:1      | HP: 1/29 [Terence/+1 vorpal mace (1)]
  1056 | D:1      | HP: 1/29 [Terence/+1 vorpal mace (6)]
  1056 | D:1      | Slain by Terence

Illustrated notes

Levels and vault maps discovered:
D:1:      tarquinn_simple_flora_water_c, layout_loops_ring,
          chequers_mini_garden, minmay_pentomino_r4
D:2:      layout_rooms, serial_glass, glass_columns_c, glass_columns_a,
          uniq_terence, uniq_jessica

Skill      XL: |  1  2  3 |
---------------+----------+-----
Spellcasting   | 2 |  2.0
Transmutations | 2 |  2.0
Fighting       | |  1.8
Dodging        | |  1.8
Unarmed Combat | |  3.8

Action                   || total
-------------------------++-------
Melee: Unarmed           ||   108
       Kick              ||    10
       Headbutt          ||     3
Throw: Dart              ||    16
 Cast: Beastly Appendage ||    14
  Use: Potion            ||     2
Armor: Robe              ||    30
Dodge: Dodged            ||    89

Table legend: (Time is in decaauts)
 A = Elapsed time spent in this place.
 B = Non-inter-level travel time spent in this place.
 C = Inter-level travel time spent in this place.
 D = Time resting spent in this place.
 E = Time spent auto-exploring this place.
 F = Levels seen in this place.
 G = Mean time per level.
                   A        B        C        D        E       F      G
               +--------+--------+--------+--------+--------+-----+--------+
         Total |   1050 |   1012 |     38 |     72 |    559 |   2 |  525.0 |
       Dungeon |   1050 |   1012 |     38 |     72 |    559 |   2 |  525.0 |
               +--------+--------+--------+--------+--------+-----+--------+

Top non-repeatable levels by time:
     D:1: 884 daAuts
     D:2: 165 daAuts
